 Dungeon Crawl Stone Soup version 0.26-a0-707-g31817bcca1 (webtiles) character file.

Game seed: 12222484805822178131

5287 dickylongcocking the Covert (level 10, -2/108 HPs)
             Began as an Octopode Brigand on Oct 26, 2020.
             Was an Initiate of Gozag.
             Slain by a komodo dragon (15 damage)
             ... on level 8 of the Dungeon.
             The game lasted 00:08:55 (10039 turns).

dickylongcocking the Covert (Octopode Brigand)     Turns: 10039, Time: 00:08:56

Health: -2/108     AC: 29    Str: 12    XL:     10   Next: 63%
Magic:  10/10      EV:  2    Int: 16    God:    Gozag
Gold:   537        SH:  0    Dex: 13    Spells: 7/9 levels left

rFire    . . .     SeeInvis .   g - +1 dagger (venom)
rCold    . . .     Faith    .   (no shield)
rNeg     + + +     Spirit   .   (helmet currently unavailable)
rPois    +         Reflect  .   v - amulet of the acrobat
rElec    .         Harm     .   k - +4 ring of protection
rCorr    .         Rampage  .   y - +4 ring of evasion
MR       .....     NoTele   +   (no ring)
Stlth    +++++.....             (no ring)
HPRegen  0.28/turn              (no ring)
MPRegen  0.12/turn              (no ring)
                                (no ring)
                                (no ring)

@: tree-form
A: almost no armour, stealthy swim, (amphibious), 8 rings, (constrict 8)
a: Potion Petition, Call Merchant, Bribe Branch, Renounce Religion


You were on level 8 of the Dungeon.
You worshipped Gozag.
Gozag was pleased with you.
You were a tree.
You visited 2 branches of the dungeon, and saw 9 of its levels.

You collected 689 gold pieces.
You spent 25 gold pieces at shops.
You paid 127 gold pieces to Gozag.

Inventory:

Hand Weapons
 a - a +2 dagger
 g - a +1 dagger of venom (weapon)
Missiles
 b - 36 poisoned darts
 c - 6 curare-tipped darts (quivered)
Magical Staves
 d - an uncursed staff of conjuration
Jewellery
 k - a +4 ring of protection (left branch)
 q - an uncursed amulet of magic regeneration
 v - an amulet of the acrobat (around neck)
 y - a +4 ring of evasion (right branch)
Wands
 w - a wand of paralysis (5)
 A - a wand of polymorph (11)
 B - a wand of random effects (21)
 C - a wand of enslavement (7)
Scrolls
 e - 3 scrolls of amnesia
 f - a scroll of holy word
 j - 4 scrolls of teleportation
 l - 2 scrolls of enchant armour
 m - 4 scrolls of remove curse
 n - a scroll of noise
 o - a scroll of enchant weapon
 t - 2 scrolls of immolation
Potions
 h - a potion of ambrosia
 i - 4 potions of stabbing
 p - a potion of magic
 r - 3 potions of resistance
 s - a potion of lignification
 x - 2 potions of flight
 z - a potion of might


   Skills:
 * Level 8.0 Fighting
 - Level 8.1 Short Blades
 - Level 2.0 Throwing
 * Level 4.7 Dodging
 * Level 13.4 Stealth
 - Level 3.3 Hexes


You had 7 spell levels left.
You knew the following spells:

 Your Spells              Type           Power        Failure   Level
a - Ensorcelled Hibernat  Hex/Ice        #.....       19%         2

Your spell library contained the following spells:

 Spells                   Type           Power        Failure   Level
 Corona                   Hex            ##.....      6%          1
 Slow                     Hex            ##......     10%         2
 Confusing Touch          Hex            ##......     19%         3
 Tukima's Dance           Hex            ##......     19%         3
 Magic Dart               Conj           #...         26%         1
 Blink                    Tloc           N/A          36%         2
 Call Imp                 Summ           #.......     36%         2
 Dazzling Flash           Conj/Hex       #.....       36%         3
 Conjure Flame            Conj/Fire      #.......     58%         3
 Gell's Gravitas          Tloc           #.........   58%         3
 Mephitic Cloud           Conj/Pois/Air  #.......     58%         3
 Petrify                  Tmut/Erth      #.......     94%         4
 Metabolic Englaciation   Hex/Ice        #.........   98%         5
 Yara's Violent Unravell  Hex/Tmut       #.........   98%         5


Dungeon Overview and Level Annotations

Branches:
Dungeon (8/15)             Temple (1/1) D:7            Lair (0/6) D:8

Altars:
Ashenzari
Cheibriados
Dithmenos
Elyvilon
Gozag
Kikubaaqudgha
Nemelex Xobeh
Okawaru
Qazlal
Ru
Sif Muna
Uskayaw
Vehumet
Wu Jian
Xom
Yredelemnul
Zin
The Shining One

Shops:
D:6 *

Annotations:
D:6 1 runed translucent door, Redexial's ghost, novice MiAM


Innate Abilities, Weirdness & Mutations

You cannot wear most types of armour.
You are very stealthy in the water. (Stealth+)
((You are amphibious.))
You can wear up to eight rings at the same time.
((You can use your tentacles to constrict eight enemies at once.))
((Your skin changes colour to match your surroundings (Stealth+).))
((Your rubbery body absorbs attacks. (AC +1, EV +1)))


Message History

Quiver which item? (- for none, * to show all) (? for menu, Esc to quit)
Okay, then.
Throwing (i - inventory. (/) - cycle)
c - 7 curare-tipped darts (quivered)
Press: ? - help, Shift-Dir - straight line, f/p - orc warrior
Aim: an orc warrior, wielding a +0 glaive, wearing a +0 chain mail, quivering 16 stones and carrying a wand of flame (8) (paralysed)
You throw a curare-tipped dart.
The curare-tipped dart hits the orc warrior.
The orc warrior is poisoned.
The orc warrior convulses.
The orc warrior is lightly wounded.
The komodo dragon bites you but does no damage.
The adder bites you but does no damage.
Unknown command.
Unknown command.
Unknown command.
You hit the komodo dragon.
The komodo dragon looks as sick as possible!
The komodo dragon is almost dead.
The komodo dragon bites you!
You die...
Your body crumbles into a pile of gold.

........... #.#... .
........... #.#...######..
........... .............
........... ............
###.###### #.#...(.... #.#
#..o.......
###.############..........
.........##......$............
########..#.....♣l.............
.#####.#......S..............
.............$.........>.......
#.#.###..####..................
##.. ................... ..#
............$$.......... #.#
###....#......($.........
##.#####.####.#...............
#..... .. #.###....)........


You could see a komodo dragon (extremely poisoned), an orc warrior (paralysed,
very poisoned) and an adder.

Vanquished Creatures
  Pikel (D:7)
  Maggie (D:8)
  Grinder (D:3)
  A wyvern (D:7)
  A wraith (D:8)
  4 water moccasins (D:8)
  2 sky beasts (D:7)
  5 black bears
  2 ice beasts
  An ogre (D:7)
  3 phantoms
  5 centaurs
  3 lemures (D:7)
  4 bullfrogs
  4 scorpions
  7 killer bees (D:8)
  12 wights (D:7)
  2 bullfrog skeletons (D:8)
  A bullfrog zombie (D:6)
  2 hounds
  A jelly (D:8)
  An orc wizard (D:8)
  Crazy Yiuf (D:4)
  Jessica (D:3)
  3 iguanas
  5 worker ants
  Terence (D:2)
  A hound skeleton (D:8)
  A worker ant zombie (D:8)
  3 gnolls
  10 adders
  5 shadow imps
  2 white imps
  An ufetubus (D:6)
  3 oozes
  An adder zombie (D:5)
  An adder skeleton (D:6)
  2 worms (D:3)
  3 dart slugs
  5 leopard geckos
  14 orcs
  4 ball pythons
  7 giant cockroaches
  8 goblins
  6 hobgoblins
  23 jackals
  10 kobolds
  6 quokkas
  7 bats
  A frilled lizard (D:2)
  A jackal zombie (D:5)
  10 rats
210 creatures vanquished.

Vanquished Creatures (others)
  67 fungi
  46 plants (D:8)
113 creatures vanquished.

Grand Total: 323 creatures vanquished

Notes
Turn   | Place    | Note
-------+----------+-------------------------------------------
     0 | D:1      | dickylongcocking the Octopode Brigand began the quest for
                  | the Orb.
     0 | D:1      | Reached XP level 1. HP: 14/14 MP: 1/1
   108 | D:1      | Reached XP level 2. HP: 4/19 MP: 2/2
   700 | D:1      | Reached skill level 6 in Stealth
   765 | D:1      | Reached XP level 3. HP: 14/24 MP: 3/3
  1551 | D:2      | Learned a level 2 spell: Ensorcelled Hibernation
  1729 | D:2      | Noticed Terence
  1738 | D:2      | Killed Terence
  1738 | D:2      | Reached XP level 4. HP: 20/29 MP: 4/4
  1890 | D:2      | Reached skill level 1 in Hexes
  2161 | D:2      | Found a broken altar of Ashenzari.
  2607 | D:2      | Reached XP level 5. HP: 16/34 MP: 5/5
  2849 | D:3      | Reached skill level 7 in Stealth
  3119 | D:3      | Noticed Jessica
  3127 | D:3      | Killed Jessica
  3285 | D:3      | Noticed Grinder
  3298 | D:3      | Paralysed by Grinder for 4 turns
  3309 | D:3      | Killed Grinder
  3309 | D:3      | Reached XP level 6. HP: 12/39 MP: 6/6
  3850 | D:4      | Reached skill level 8 in Stealth
  3969 | D:4      | Reached XP level 7. HP: 36/45 MP: 7/7
  4378 | D:4      | Found a runed translucent door.
  4379 | D:4      | Noticed Crazy Yiuf
  4388 | D:4      | Killed Crazy Yiuf
  4414 | D:5      | Entered Level 5 of the Dungeon
  4433 | D:5      | Reached skill level 5 in Short Blades
  5021 | D:5      | Reached skill level 9 in Stealth
  5085 | D:5      | Found a glowing golden altar of the Shining One.
  5183 | D:6      | Found a radiant altar of Vehumet.
  5184 | D:6      | Found a glowing silver altar of Zin.
  5196 | D:6      | Reached XP level 8. HP: 39/52 MP: 8/8
  5373 | D:6      | Found Kouq Nue's Assorted Antiques.
  6044 | D:6      | Reached skill level 10 in Stealth
  6069 | D:6      | Noticed Redexial's ghost (novice MiAM)
  6074 | D:6      | Found a runed translucent door.
  6425 | D:6      | Found a hide-covered altar of Uskayaw.
  6499 | D:7      | Found an ornate altar of the Wu Jian Council.
  6567 | D:7      | Noticed a wyvern
  6569 | D:7      | Killed a wyvern
  6615 | D:7      | Reached skill level 5 in Fighting
  6615 | D:7      | Reached XP level 9. HP: 61/61 MP: 9/9
  6703 | D:7      | Noticed Pikel
  6832 | D:7      | Killed Pikel
  6832 | D:7      | Reached skill level 11 in Stealth
  7691 | D:7      | Found a staircase to the Ecumenical Temple.
  7697 | Temple   | Entered the Ecumenical Temple
  7703 | Temple   | Became a worshipper of Gozag Ym Sagoz the Greedy
  7722 | D:7      | Reached skill level 12 in Stealth
  8321 | D:6      | Bought a scroll labeled MAEGRE TEDYDI for 25 gold pieces
  8572 | D:8      | Reached XP level 10. HP: 29/69 MP: 1/10
  9356 | D:8      | Reached skill level 13 in Stealth
  9417 | D:8      | Found a staircase to the Lair.
  9750 | D:8      | Noticed Maggie
  9764 | D:8      | Killed Maggie
 10039 | D:8      | Slain by a komodo dragon

Illustrated notes

Levels and vault maps discovered:
D:1:      onia_arrival_handbag, layout_loops_corners
D:2:      layout_loops_cross, nicolae_overflow_crystal_walls, uniq_terence
D:3:      layout_basic, minmay_cut_off, uniq_grinder, uniq_jessica
D:4:      layout_basic, uniq_crazy_yiuf_cottage
D:5:      layout_loops_cross, tso_oasis_becter
D:6:      layout_basic, kennysheep_little_box, overflow_temple_1_default,
          basic_altar, serial_shops, nicolae_shop_crystal,
          hellmonk_ghost_happy_afterlife
D:7:      lemuel_upstairs_altar, layout_loops_ring, old_standard_altar,
          minmay_temple_entry_wispy, lemuel_flamethrower_2, uniq_pikel
D:8:      layout_basic, due_lair_maze_entry_diamond, minmay_quadrilaterals,
          uniq_gastronok, uniq_maggie
Temple:   nicolae_temple_no_exploring_needed

Skill      XL: |  1  2  3  4  5  6  7  8  9 10 |
---------------+-------------------------------+-----
Stealth        | 6 7 8 9 10 12 13 | 13.4
Short Blades   | 3 4 5 7 8 |  8.1
Hexes          | 1 3 |  3.3
Fighting       | 3 5 6 8 |  8.0
Dodging        | 2 4 |  4.7
Throwing       | |  2.0

Action                   |  1- 3 |  4- 6 |  7- 9 | 10-12 || total
-------------------------+-------+-------+-------+-------++-------
Melee: Dagger            |    72 |   144 |   294 |   147 ||   657
       Constrict         |    13 |    29 |    42 |    24 ||   108
       Tentacles         |    10 |    19 |    72 |    24 ||   125
       Unarmed           |       |       |       |    16 ||    16
Throw: Dart              |       |     1 |     1 |     1 ||     3
 Cast: Ensorcelled Hiber |       |       |     8 |       ||     8
Evoke: Wand              |       |       |       |     7 ||     7
  Use: Scroll            |     1 |       |    11 |     1 ||    13
       Potion            |       |     6 |     1 |     3 ||    10
 Stab: Sleeping          |    19 |    13 |    29 |     8 ||    69
       Distracted        |       |       |     2 |     1 ||     3
       Paralysed         |       |       |       |     1 ||     1
Armor: Skin              |     8 |    51 |    27 |    58 ||   144
Dodge: Dodged            |    36 |    84 |   139 |   102 ||   361

Table legend: (Time is in decaauts)
 A = Elapsed time spent in this place.
 B = Non-inter-level travel time spent in this place.
 C = Inter-level travel time spent in this place.
 D = Time resting spent in this place.
 E = Time spent auto-exploring this place.
 F = Levels seen in this place.
 G = Mean time per level.
                   A        B        C        D        E       F      G
               +--------+--------+--------+--------+--------+-----+--------+
         Total |   9838 |   9501 |    337 |   1914 |   5996 |   9 | 1093.1 |
       Dungeon |   9826 |   9489 |    337 |   1914 |   5996 |   8 | 1228.2 |
        Temple |     12 |     12 |      0 |      0 |      0 |   1 |   12.0 |
               +--------+--------+--------+--------+--------+-----+--------+

Top non-repeatable levels by time:
     D:7: 1759 daAuts
     D:8: 1610 daAuts
     D:2: 1408 daAuts
     D:1: 1370 daAuts
     D:5: 1207 daAuts
     D:3: 973 daAuts
     D:6: 889 daAuts
     D:4: 607 daAuts
  Temple: 12 daAuts
